 Dungeon Crawl Stone Soup version 0.25-a0-310-g60f0ac2d9a (webtiles) character file.

Game seed: 7146786373227847238, levelgen mode: deterministic

200 ANON1729 the Sneak (level 5, -1/32 HPs)
             Began as an Octopode Earth Elementalist on Dec 23, 2019.
             Killed by nerve-wracking pain
             ... invoked by Grinder
              (13 damage)
             ... on level 3 of the Dungeon.
             The game lasted 00:06:25 (4076 turns).

ANON1729 the Sneak (Octopode Earth Elementalist)    Turns: 4076, Time: 00:06:26

Health: -1/32      AC:  1    Str:  8    XL:     5   Next: 78%
Magic:  6/9        EV: 14    Int: 18    God:
Gold:   177        SH:  0    Dex: 12    Spells: 3/10 levels left

rFire    . . .     SeeInvis .     - Unarmed
rCold    . . .     Gourm    .   (no shield)
rNeg     . . .     Faith    .   (helmet restricted)
rPois    .         Spirit   .   (no amulet)
rElec    .         Reflect  .   (no ring)
rCorr    .         Harm     .   (no ring)
MR       .....                  (no ring)
Stlth    ++++......             (no ring)
HPRegen  0.10/turn              (no ring)
MPRegen  0.11/turn              (no ring)
                                (no ring)
                                (no ring)

@: no status effects
A: almost no armour, stealthy swim, amphibious, 8 rings, constrict 8, camouflage
1, gelatinous body 1
a: no special abilities


You were on level 3 of the Dungeon.
You were very hungry.

You visited 1 branch of the dungeon, and saw 3 of its levels.

You collected 177 gold pieces.

Inventory:

Missiles
 b - 43 stones (quivered)
Jewellery
 q - an uncursed ring of protection from cold {unknown}
Wands
 o - a wand of paralysis (6)
Scrolls
 e - 5 scrolls of teleportation {unknown}
 k - a scroll of random uselessness {unknown}
 m - a scroll of blinking {unknown}
 n - a scroll of remove curse {unknown}
Potions
 a - a potion of haste {unknown}
 d - 2 potions of curing
 f - 2 potions of agility {unknown}
 g - a potion of resistance {unknown}
 h - a potion of brilliance {unknown}
 i - a potion of cancellation {unknown}
 j - a potion of flight {unknown}
 l - 2 potions of heal wounds {unknown}
 p - a potion of invisibility {unknown}
Comestibles
 c - 3 rations


   Skills:
 + Level 0.4 Fighting
 + Level 2.9 Dodging
 + Level 4.6 Stealth
 + Level 1.1 Unarmed Combat
 + Level 3.0 Spellcasting
 * Level 1.9 Transmutations
 + Level 3.7 Earth Magic


You had 3 spell levels left.
You knew the following spells:

 Your Spells              Type           Power        Failure   Level  Hunger
a - Sandblast             Erth           ###...       3%          1    None
b - Passwall              Tmut/Erth      ##......     8%          2    ##.....
c - Petrify               Tmut/Erth      ##......     45%         4    ####...

Your spell library contained the following spells:

 Spells                   Type           Power        Failure   Level  Hunger
 Stone Arrow              Conj/Erth      #.....       22%         3    ###....
 Lee's Rapid Deconstruct  Erth           ###.......   67%         5    ######.


Dungeon Overview and Level Annotations

Branches:
Dungeon (3/15)

Altars:
Zin
The Shining One

Annotations:
D:3 Grinder


Innate Abilities, Weirdness & Mutations

You cannot wear most types of armour.
You are very stealthy in the water. (Stealth+)
You are amphibious.
You can wear up to eight rings at the same time.
You can use your tentacles to constrict eight enemies at once.
Your skin changes colour to match your surroundings (Stealth+).
Your rubbery body absorbs attacks. (AC +1, EV +1)


Message History

You writhe in agony.
You tentacle-slap Grinder.
Grinder is moderately wounded.
You constrict Grinder. Grinder hits you.
You writhe in agony.
You tentacle-slap Grinder but do no damage.
You squeeze Grinder.
Grinder is heavily wounded.
You constrict Grinder. Grinder hits you.
Casting: Petrify (quite dangerous; 45% risk of failure)
Confirm with . or Enter, or press ? or * to list all spells.
Aiming: Sandblast (safe; 3% risk of failure)
Press: ? - help, Shift-Dir - straight line, f/p - Grinder
Aim: Grinder (heavily wounded, constricted by you)
The blast of sand hits Grinder.
Grinder is severely wounded.
b - 43 stones You constrict Grinder.
Grinder gestures at you. Pain shoots through your body!
You die...

##### #.# . ....# #.## .#.
. .... ... ..
#.#####.###.#######.#
.................#(#
#.........#####...#.#.#
#...........##..#.#.#
#............รท..#.#.#.
#$..5@......##..#.#.#.
#...#+##....<.........
#...# #......#.#...##
.....# #......#.#...#
........ ........#.....#
#.................##.#..#
#######...........##....##
.... .............#.
.#########.#+#.


You could see Grinder.

Vanquished Creatures
  An ogre (D:2)
  7 adders
  An ooze (D:2)
  2 leopard geckos (D:2)
  A giant cockroach (D:2)
  10 goblins
  6 hobgoblins
  3 jackals (D:2)
  3 quokkas
  8 bats
  6 frilled lizards
  2 kobolds
  5 rats
55 creatures vanquished.

Notes
Turn   | Place    | Note
-------+----------+-------------------------------------------
     0 | D:1      | ANON1729 the Octopode Earth Elementalist began the quest
                  | for the Orb.
     0 | D:1      | Reached XP level 1. HP: 11/11 MP: 3/3
   520 | D:1      | Reached skill level 3 in Stealth
   523 | D:1      | Reached XP level 2. HP: 8/17 MP: 3/5
  1268 | D:2      | Reached XP level 3. HP: 21/21 MP: 3/6
  1281 | D:2      | Found a glowing silver altar of Zin.
  1323 | D:2      | Reached skill level 4 in Stealth
  1758 | D:2      | Noticed an ogre
  1762 | D:2      | Reached XP level 4. HP: 17/27 MP: 0/7
  2084 | D:1      | Learned a level 2 spell: Passwall
  2089 | D:1      | Learned a level 4 spell: Petrify
  2675 | D:2      | HP: 1/27 [adder (2)]
  3062 | D:2      | Killed an ogre
  3062 | D:2      | Reached skill level 1 in Unarmed Combat
  3062 | D:2      | Reached XP level 5. HP: 14/32 MP: 1/9
  3627 | D:3      | Found a glowing golden altar of the Shining One.
  4053 | D:3      | Noticed Grinder
  4076 | D:3      | Killed from afar by Grinder

Levels and vault maps discovered:
D:1:      minmay_arrival_cross, layout_basic
D:2:      minmay_razor_zed, layout_basic, old_standard_altar
D:3:      layout_basic, marbit_many_paths, first_ration, uniq_grinder,
          uniq_robin

Skill      XL: |  1  2  3  4  5 |
---------------+----------------+-----
Stealth        | 3 4 |  4.6
Unarmed Combat | 1 |  1.1
Spellcasting   | 3 |  3.0
Fighting       | |  0.4
Dodging        | |  2.9
Transmutations | |  1.9
Earth Magic    | |  3.7

Action                   |  1- 3 |  4- 6 || total
-------------------------+-------+-------++-------
Melee: Unarmed           |    64 |    88 ||   152
       Constrict         |    21 |    17 ||    38
       Tentacles         |    11 |    13 ||    24
 Cast: Sandblast         |    12 |    13 ||    25
       Petrify           |       |     1 ||     1
  Use: Potion            |       |     1 ||     1
 Stab: Sleeping          |     8 |     5 ||    13
       Petrified         |       |    12 ||    12
  Eat: Chunk             |     2 |     7 ||     9
Armor: Skin              |    12 |     2 ||    14
Dodge: Dodged            |    38 |    53 ||    91

Table legend:
 A = Non-vault XP
 B = Vault XP
 C = Vault XP percentage of total XP
 D = Non-vault monster count
 E = Vault monster count
 F = Vault count percentage of total count
                 A         B        C        D         E       F
            +---------+---------+-------+---------+---------+-------
      Total |     123 |     163 |  57.0 |      42 |      13 |  23.6
            +---------+---------+-------+---------+---------+-------
        D:1 |      24 |       0 |   0.0 |      16 |       0 |   0.0
        D:2 |      60 |     163 |  73.1 |      15 |      13 |  46.4
        D:3 |      39 |       0 |   0.0 |      11 |       0 |   0.0
            +---------+---------+-------+---------+---------+-------
